Workbook
Name JR_PAGE_ANCHOR_0_1: 'cuadro Comparativo analitico'!$A$1
Name JR_PAGE_ANCHOR_1_1: 'cuadro Comparativo analitico 2'!$A$1
Name JR_PAGE_ANCHOR_2_1: 'cuadro Comparativo analitico 3'!$A$1

Sheet cuadro Comparativo analitico
A1: PROYECTO DE LEY DE PRESUPUESTOS PARA EL AÑO 2027
A2: CUADRO COMPARATIVO ANALITICO AÑOS 2026 - 2027
A3: Consolidado Moneda Nacional y Extranjera
A5: Partida: | C5: MINISTERIO DE DEFENSA NACIONAL | I5: PARTIDA: | J5: 11
A6: Capítulo: | C6: FUERZA AÉREA DE CHILE | I6: CAPÍTULO: | J6: 09
A7: Programa: | C7: FUERZA AÉREA DE CHILE | I7: PROGRAMA: | J7: 01
H8: Miles de $
A9: Subt | B9: Item | C9: Asig | D9: SubA | E9: CLASIFICACIÓN PRESUPUESTARIA | F9: (1) | G9: (2) | H9: (3) | I9: (4) | J9: (5) | K9: (6) | L9: (7)
F10: LEY DE PPTOS AÑO 2026 (Inicial + Reajuste + Leyes Especiales + Ajustes) | G10: PRESUPUESTO VIGENTE AÑO 2026 A AGOSTO | H10: EJECUCIÓN AÑO 2026 AL 31 DE AGOSTO | I10: LEY DE PPTOS AÑO 2026 (Inicial + Reajuste + Leyes Especiales + Ajustes) | J10: PROYECTO DE LEY DE PRESUPUESTOS AÑO 2027 | K10: Variación monto $ (5) - (4) | L10: Variación % (6) / (4)
F11: (En $ y US$ de 2026) | G11: (En $ y US$ de 2026) | H11: (En $ y US$ de 2026) | I11: (En $ y US$ de 2027) | J11: (En $ y US$ de 2027)
E12: INGRESOS | F12: 338008429 | G12: 342190329 | H12: 213048382 | I12: 346421223 | J12: 380388117 | K12: =J12-I12 -> 33966894 | L12: =(K12/I12) -> 0.098050846
A13: 05 | E13: TRANSFERENCIAS CORRIENTES | F13: 4667285 | G13: 4851729 | H13: 5877113 | I13: 4762483 | J13: 4680727 | K13: =J13-I13 -> -81756 | L13: =(K13/I13) -> -0.017166675
B14: 02 | E14: Del Gobierno Central | F14: 4667285 | G14: 4851729 | H14: 5877113 | I14: 4762483 | J14: 4680727 | K14: =J14-I14 -> -81756 | L14: =(K14/I14) -> -0.017166675
C15: 012 | E15: Fondo para Misiones de Paz-Estado Mayor Conjunto | F15: 0 | G15: 184444 | H15: 148644 | I15: 0 | J15: 0
C16: 014 | E16: Programa Antártico - Estado Mayor Conjunto | F16: 4667275 | G16: 4667275 | H16: 2253203 | I16: 4762473 | J16: 4680707 | K16: =J16-I16 -> -81766 | L16: =(K16/I16) -> -0.017168811
C17: 050 | E17: Programa de Despliegue Fuerzas Armadas Macrozona sur | F17: 0 | G17: 0 | H17: 0 | I17: 0 | J17: 10 | K17: =J17-I17 -> 10
C18: 201 | E18: Recuperación de Licencias Médicas - FONASA | F18: 10 | G18: 10 | H18: 3475266 | I18: 10 | J18: 10
A19: 07 | E19: INGRESOS DE OPERACIÓN | F19: 3508709 | G19: 3508709 | H19: 3034641 | I19: 3609760 | J19: 3609760
B20: 02 | E20: Venta de Servicios | F20: 3508709 | G20: 3508709 | H20: 3034641 | I20: 3609760 | J20: 3609760
A21: 08 | E21: OTROS INGRESOS CORRIENTES | F21: 521971 | G21: 521971 | H21: 843049 | I21: 536748 | J21: 529650 | K21: =J21-I21 -> -7098 | L21: =(K21/I21) -> -0.013224083
B22: 01 | E22: Recuperaciones y Reembolsos por Licencias Médicas | F22: 10 | G22: 10 | H22: 175846 | I22: 10 | J22: 0 | K22: =J22-I22 -> -10 | L22: =(K22/I22) -> -1
B23: 02 | E23: Multas y Sanciones Pecuniarias | F23: 0 | G23: 0 | H23: 39243 | I23: 0 | J23: 0
B24: 99 | E24: Otros | F24: 521961 | G24: 521961 | H24: 627960 | I24: 536738 | J24: 529650 | K24: =J24-I24 -> -7088 | L24: =(K24/I24) -> -0.013205698
A25: 09 | E25: APORTE FISCAL | F25: 328108857 | G25: 322177569 | H25: 201867437 | I25: 336293498 | J25: 370357220 | K25: =J25-I25 -> 34063722 | L25: =(K25/I25) -> 0.10129165
B26: 01 | E26: Libre | F26: 328108857 | G26: 322177569 | H26: 201867437 | I26: 336293498 | J26: 370357220 | K26: =J26-I26 -> 34063722 | L26: =(K26/I26) -> 0.10129165
A27: 12 | E27: RECUPERACIÓN DE PRÉSTAMOS | F27: 1192737 | G27: 1192737 | H27: 508588 | I27: 1209864 | J27: 1209864
B28: 07 | E28: Por Anticipos por Cambio de Residencia | F28: 1192737 | G28: 1192737 | H28: 435153 | I28: 1209864 | J28: 1209864
B29: 10 | E29: Ingresos por Percibir | F29: 0 | G29: 0 | H29: 73435 | I29: 0 | J29: 0
A30: 13 | E30: TRANSFERENCIAS PARA GASTOS DE CAPITAL | F30: 0 | G30: 4317554 | H30: 917554 | I30: 0 | J30: 0
B31: 02 | E31: Del Gobierno Central | F31: ='cuadro Comparativo analitico 2'!F31 -> 0 | G31: ='cuadro Comparativo analitico 2'!G31 -> 4317554 | H31: ='cuadro Comparativo analitico 2'!H31 -> 917554 | I31: ='cuadro Comparativo analitico 2'!I31 -> 0 | J31: ='cuadro Comparativo analitico 2'!J31 -> 0 | K31: ='cuadro Comparativo analitico 2'!K31 -> 0 | L31: ='cuadro Comparativo analitico 2'!L31 -> 0
C32: 005 | E32: Gobierno Regional de Antofagasta | F32: ='cuadro Comparativo analitico 2'!F32 -> 0 | G32: ='cuadro Comparativo analitico 2'!G32 -> 3400000 | H32: ='cuadro Comparativo analitico 2'!H32 -> 0 | I32: ='cuadro Comparativo analitico 2'!I32 -> 0 | J32: ='cuadro Comparativo analitico 2'!J32 -> 0 | K32: ='cuadro Comparativo analitico 2'!K32 -> 0 | L32: ='cuadro Comparativo analitico 2'!L32 -> 0
C33: 011 | E33: Programa Antártico-Estado Mayor Conjunto | F33: ='cuadro Comparativo analitico 2'!F33 -> 0 | G33: ='cuadro Comparativo analitico 2'!G33 -> 917554 | H33: ='cuadro Comparativo analitico 2'!H33 -> 917554 | I33: ='cuadro Comparativo analitico 2'!I33 -> 0 | J33: ='cuadro Comparativo analitico 2'!J33 -> 0 | K33: ='cuadro Comparativo analitico 2'!K33 -> 0 | L33: ='cuadro Comparativo analitico 2'!L33 -> 0
A34: 15 | E34: SALDO INICIAL DE CAJA | F34: 8870 | G34: 5620060 | H34: 0 | I34: 8870 | J34: 896 | K34: =J34-I34 -> -7974 | L34: =(K34/I34) -> -0.89898534
E35: GASTOS | F35: 338008429 | G35: 342190329 | H35: 209673806 | I35: 346421223 | J35: 380388117 | K35: =J35-I35 -> 33966894 | L35: =(K35/I35) -> 0.098050846
A36: 21 | E36: GASTOS EN PERSONAL | F36: 267548627 | G36: 260750265 | H36: 174090275 | I36: 275006616 | J36: 275540174 | K36: =J36-I36 -> 533558 | L36: =(K36/I36) -> 0.0019401642
A37: 22 | E37: BIENES Y SERVICIOS DE CONSUMO | F37: 65064820 | G37: 65049242 | H37: 24233801 | I37: 65882495 | J37: 100879402 | K37: =J37-I37 -> 34996907 | L37: =(K37/I37) -> 0.53120191
A38: 23 | E38: PRESTACIONES DE SEGURIDAD SOCIAL | F38: 8860 | G38: 8860 | H38: 886 | I38: 8860 | J38: 896 | K38: =J38-I38 -> -7964 | L38: =(K38/I38) -> -0.89887133
B39: 01 | E39: Prestaciones Previsionales | F39: 8860 | G39: 8860 | H39: 886 | I39: 8860 | J39: 886 | K39: =J39-I39 -> -7974 | L39: =(K39/I39) -> -0.9
B40: 03 | E40: Prestaciones Sociales del Empleador | F40: 0 | G40: 0 | H40: 0 | I40: 0 | J40: 10 | K40: =J40-I40 -> 10
A41: 24 | E41: TRANSFERENCIAS CORRIENTES | F41: 4175635 | G41: 4220982 | H41: 4212112 | I41: 4295638 | J41: 2754197 | K41: =J41-I41 -> -1541441 | L41: =(K41/I41) -> -0.35883866
B42: 01 | E42: Al Sector Privado | F42: 33339 | G42: 33339 | H42: 33339 | I42: 34299 | J42: 33258 | K42: =J42-I42 -> -1041 | L42: =(K42/I42) -> -0.030350739
C43: 009 | E43: Medicina Curativa | F43: 10 | G43: 10 | H43: 10 | I43: 10 | J43: 0 | K43: =J43-I43 -> -10 | L43: =(K43/I43) -> -1
C44: 021 | E44: Becas | F44: 33329 | G44: 33329 | H44: 33329 | I44: 34289 | J44: 33258 | K44: =J44-I44 -> -1031 | L44: =(K44/I44) -> -0.030067952
B45: 02 | E45: Al Gobierno Central | F45: 1525914 | G45: 1571261 | H45: 1571261 | I45: 1569860 | J45: 1569860
C46: 002 | E46: Servicio Aerofotogramétrico de la FACH | F46: 226988 | G46: 226988 | H46: 226988 | I46: 233525 | J46: 233525
C47: 004 | E47: Organismos de Salud de la FACH | F47: 1298926 | G47: 1298926 | H47: 1298926 | I47: 1336335 | J47: 1336335
C48: 010 | E48: Subsecretaría para las Fuerzas Armadas | F48: 0 | G48: 36685 | H48: 36685 | I48: 0 | J48: 0
C49: 012 | E49: Dirección General de Movilización Nacional | F49: 0 | G49: 5288 | H49: 5288 | I49: 0 | J49: 0
C50: 013 | E50: Academia Nacional de Estudios Políticos y Estratégicos | F50: 0 | G50: 3374 | H50: 3374 | I50: 0 | J50: 0
B51: 03 | E51: A Otras Entidades Públicas | F51: 2616382 | G51: 2616382 | H51: 2607512 | I51: 2691479 | J51: 1151079 | K51: =J51-I51 -> -1540400 | L51: =(K51/I51) -> -0.57232473
C52: 243 | E52: Bienestar Social | F52: 1117975 | G52: 1117975 | H52: 1117975 | I52: 1150173 | J52: 1150173
C53: 244 | E53: Fondo Rotativo de Abastecimiento | F53: 8870 | G53: 8870 | H53: 0 | I53: 8870 | J53: 896 | K53: =J53-I53 -> -7974 | L53: =(K53/I53) -> -0.89898534
C54: 246 | E54: Ley de Obras | F54: 1489537 | G54: 1489537 | H54: 1489537 | I54: 1532436 | J54: 10 | K54: =J54-I54 -> -1532426 | L54: =(K54/I54) -> -0.99999347
A55: 25 | E55: INTEGROS AL FISCO | F55: 8870 | G55: 2245134 | H55: 2392968 | I55: 8870 | J55: 896 | K55: =J55-I55 -> -7974 | L55: =(K55/I55) -> -0.89898534
B56: 99 | E56: Otros Integros al Fisco | F56: 8870 | G56: 2245134 | H56: 2392968 | I56: 8870 | J56: 896 | K56: =J56-I56 -> -7974 | L56: =(K56/I56) -> -0.89898534
A57: 26 | E57: OTROS GASTOS CORRIENTES | F57: 0 | G57: 0 | H57: 21319 | I57: 0 | J57: 0
A58: 29 | E58: ADQUISICIÓN DE ACTIVOS NO FINANCIEROS | F58: 0 | G58: 917554 | H58: 0 | I58: 0 | J58: 0
A59: 32 | E59: PRÉSTAMOS | F59: 1192737 | G59: 1192737 | H59: 324874 | I59: 1209864 | J59: 1209864
B60: 07 | E60: Por Anticipos por Cambio de Residencia | F60: 1192737 | G60: 1192737 | H60: 324874 | I60: 1209864 | J60: 1209864
A61: 33 | E61: TRANSFERENCIAS DE CAPITAL | F61: 10 | G61: 3400010 | H61: 0 | I61: 10 | J61: 896 | K61: =J61-I61 -> 886 | L61: =(K61/I61) -> 88.6
B62: 03 | E62: A Otras Entidades Públicas | F62: 10 | G62: 3400010 | H62: 0 | I62: 10 | J62: 896 | K62: =J62-I62 -> 886 | L62: =(K62/I62) -> 88.6
C63: 244 | E63: Fondo Rotativo de Abastecimiento | F63: 10 | G63: 3400010 | H63: 0 | I63: 10 | J63: 896 | K63: =J63-I63 -> 886 | L63: =(K63/I63) -> 88.6
A64: 34 | E64: SERVICIO DE LA DEUDA | F64: 8870 | G64: 4405545 | H64: 4397571 | I64: 8870 | J64: 896 | K64: =J64-I64 -> -7974 | L64: =(K64/I64) -> -0.89898534
B65: 07 | E65: Deuda Flotante | F65: 8870 | G65: 4405545 | H65: 4397571 | I65: 8870 | J65: 896 | K65: =J65-I65 -> -7974 | L65: =(K65/I65) -> -0.89898534
A66: 35 | E66: SALDO FINAL DE CAJA | F66: 0 | G66: 0 | H66: 0 | I66: 0 | J66: 896 | K66: =J66-I66 -> 896
A70: Gasto Estado de Operaciones* | F70: 336797952 | G70: 334346913 | H70: 202558393 | I70: 345193619 | J70: 379175565 | K70: 33981946 | L70: 0.098443146
A71: *GASTOS-(Subt.25+30+32+34+35) + Item25.01+Intereses y Otros Gastos Financieros de Deuda

Sheet cuadro Comparativo analitico 2
A1: PROYECTO DE LEY DE PRESUPUESTOS PARA EL AÑO 2027
A2: CUADRO COMPARATIVO ANALITICO AÑOS 2026 - 2027
A3: Moneda Nacional
A5: Partida: | C5: MINISTERIO DE DEFENSA NACIONAL | I5: PARTIDA: | J5: 11
A6: Capítulo: | C6: FUERZA AÉREA DE CHILE | I6: CAPÍTULO: | J6: 09
A7: Programa: | C7: FUERZA AÉREA DE CHILE | I7: PROGRAMA: | J7: 01
H8: Miles de $
A9: Subt | B9: Item | C9: Asig | D9: SubA | E9: CLASIFICACIÓN PRESUPUESTARIA | F9: (1) | G9: (2) | H9: (3) | I9: (4) | J9: (5) | K9: (6) | L9: (7)
F10: LEY DE PPTOS AÑO 2026 (Inicial + Reajuste + Leyes Especiales + Ajustes) | G10: PRESUPUESTO VIGENTE AÑO 2026 A AGOSTO | H10: EJECUCIÓN AÑO 2026 AL 31 DE AGOSTO | I10: LEY DE PPTOS AÑO 2026 (Inicial + Reajuste + Leyes Especiales + Ajustes) | J10: PROYECTO DE LEY DE PRESUPUESTOS AÑO 2027 | K10: Variación monto $ (5) - (4) | L10: Variación % (6) / (4)
F11: (En $ de 2026) | G11: (En $ de 2026) | H11: (En $ de 2026) | I11: (En $ de 2027) | J11: (En $ de 2027)
E12: INGRESOS | F12: 292110971 | G12: 292265115 | H12: 196767246 | I12: 300523765 | J12: 303541793 | K12: =J12-I12 -> 3018028 | L12: =(K12/I12) -> 0.01004256
A13: 05 | E13: TRANSFERENCIAS CORRIENTES | F13: 3305503 | G13: 3363249 | H13: 4993771 | I13: 3400701 | J13: 1879195 | K13: =J13-I13 -> -1521506 | L13: =(K13/I13) -> -0.44740952
B14: 02 | E14: Del Gobierno Central | F14: 3305503 | G14: 3363249 | H14: 4993771 | I14: 3400701 | J14: 1879195 | K14: =J14-I14 -> -1521506 | L14: =(K14/I14) -> -0.44740952
C15: 012 | E15: Fondo para Misiones de Paz-Estado Mayor Conjunto | F15: 0 | G15: 57746 | H15: 47640 | I15: 0 | J15: 0
C16: 014 | E16: Programa Antártico - Estado Mayor Conjunto | F16: 3305493 | G16: 3305493 | H16: 1470865 | I16: 3400691 | J16: 1879175 | K16: =J16-I16 -> -1521516 | L16: =(K16/I16) -> -0.44741378
C17: 050 | E17: Programa de Despliegue Fuerzas Armadas Macrozona sur | F17: 0 | G17: 0 | H17: 0 | I17: 0 | J17: 10 | K17: =J17-I17 -> 10
C18: 201 | E18: Recuperación de Licencias Médicas - FONASA | F18: 10 | G18: 10 | H18: 3475266 | I18: 10 | J18: 10
A19: 07 | E19: INGRESOS DE OPERACIÓN | F19: 3508709 | G19: 3508709 | H19: 3034641 | I19: 3609760 | J19: 3609760
B20: 02 | E20: Venta de Servicios | F20: 3508709 | G20: 3508709 | H20: 3034641 | I20: 3609760 | J20: 3609760
A21: 08 | E21: OTROS INGRESOS CORRIENTES | F21: 513111 | G21: 513111 | H21: 843049 | I21: 527888 | J21: 527878 | K21: =J21-I21 -> -10 | L21: =(K21/I21) -> -1.8943412e-05
B22: 01 | E22: Recuperaciones y Reembolsos por Licencias Médicas | F22: 10 | G22: 10 | H22: 175846 | I22: 10 | J22: 0 | K22: =J22-I22 -> -10 | L22: =(K22/I22) -> -1
B23: 02 | E23: Multas y Sanciones Pecuniarias | F23: 0 | G23: 0 | H23: 39243 | I23: 0 | J23: 0
B24: 99 | E24: Otros | F24: 513101 | G24: 513101 | H24: 627960 | I24: 527878 | J24: 527878
A25: 09 | E25: APORTE FISCAL | F25: 284188951 | G25: 278257663 | H25: 186670765 | I25: 292373592 | J25: 296913136 | K25: =J25-I25 -> 4539544 | L25: =(K25/I25) -> 0.015526519
B26: 01 | E26: Libre | F26: 284188951 | G26: 278257663 | H26: 186670765 | I26: 292373592 | J26: 296913136 | K26: =J26-I26 -> 4539544 | L26: =(K26/I26) -> 0.015526519
A27: 12 | E27: RECUPERACIÓN DE PRÉSTAMOS | F27: 594687 | G27: 594687 | H27: 307466 | I27: 611814 | J27: 611814
B28: 07 | E28: Por Anticipos por Cambio de Residencia | F28: 594687 | G28: 594687 | H28: 234031 | I28: 611814 | J28: 611814
B29: 10 | E29: Ingresos por Percibir | F29: 0 | G29: 0 | H29: 73435 | I29: 0 | J29: 0
A30: 13 | E30: TRANSFERENCIAS PARA GASTOS DE CAPITAL | F30: 0 | G30: 4317554 | H30: 917554 | I30: 0 | J30: 0
B31: 02 | E31: Del Gobierno Central | F31: 0 | G31: 4317554 | H31: 917554 | I31: 0 | J31: 0
C32: 005 | E32: Gobierno Regional de Antofagasta | F32: 0 | G32: 3400000 | H32: 0 | I32: 0 | J32: 0
C33: 011 | E33: Programa Antártico-Estado Mayor Conjunto | F33: 0 | G33: 917554 | H33: 917554 | I33: 0 | J33: 0
A34: 15 | E34: SALDO INICIAL DE CAJA | F34: 10 | G34: 1710142 | H34: 0 | I34: 10 | J34: 10
E35: GASTOS | F35: 292110971 | G35: 292265115 | H35: 190887062 | I35: 300523765 | J35: 303541793 | K35: =J35-I35 -> 3018028 | L35: =(K35/I35) -> 0.01004256
A36: 21 | E36: GASTOS EN PERSONAL | F36: 258957971 | G36: 252055947 | H36: 168425191 | I36: 266415960 | J36: 265297128 | K36: =J36-I36 -> -1118832 | L36: =(K36/I36) -> -0.0041995682
A37: 22 | E37: BIENES Y SERVICIOS DE CONSUMO | F37: 28391508 | G37: 28352894 | H37: 14763347 | I37: 29209183 | J37: 34879490 | K37: =J37-I37 -> 5670307 | L37: =(K37/I37) -> 0.19412755
A38: 23 | E38: PRESTACIONES DE SEGURIDAD SOCIAL | F38: 0 | G38: 0 | H38: 0 | I38: 0 | J38: 10 | K38: =J38-I38 -> 10
B39: 03 | E39: Prestaciones Sociales del Empleador | F39: 0 | G39: 0 | H39: 0 | I39: 0 | J39: 10 | K39: =J39-I39 -> 10
A40: 24 | E40: TRANSFERENCIAS CORRIENTES | F40: 4166775 | G40: 4212122 | H40: 4212112 | I40: 4286778 | J40: 2753311 | K40: =J40-I40 -> -1533467 | L40: =(K40/I40) -> -0.35772018
B41: 01 | E41: Al Sector Privado | F41: 33339 | G41: 33339 | H41: 33339 | I41: 34299 | J41: 33258 | K41: =J41-I41 -> -1041 | L41: =(K41/I41) -> -0.030350739
C42: 009 | E42: Medicina Curativa | F42: 10 | G42: 10 | H42: 10 | I42: 10 | J42: 0 | K42: =J42-I42 -> -10 | L42: =(K42/I42) -> -1
C43: 021 | E43: Becas | F43: 33329 | G43: 33329 | H43: 33329 | I43: 34289 | J43: 33258 | K43: =J43-I43 -> -1031 | L43: =(K43/I43) -> -0.030067952
B44: 02 | E44: Al Gobierno Central | F44: 1525914 | G44: 1571261 | H44: 1571261 | I44: 1569860 | J44: 1569860
C45: 002 | E45: Servicio Aerofotogramétrico de la FACH | F45: 226988 | G45: 226988 | H45: 226988 | I45: 233525 | J45: 233525
C46: 004 | E46: Organismos de Salud de la FACH | F46: 1298926 | G46: 1298926 | H46: 1298926 | I46: 1336335 | J46: 1336335
C47: 010 | E47: Subsecretaría para las Fuerzas Armadas | F47: 0 | G47: 36685 | H47: 36685 | I47: 0 | J47: 0
C48: 012 | E48: Dirección General de Movilización Nacional | F48: 0 | G48: 5288 | H48: 5288 | I48: 0 | J48: 0
C49: 013 | E49: Academia Nacional de Estudios Políticos y Estratégicos | F49: 0 | G49: 3374 | H49: 3374 | I49: 0 | J49: 0
B50: 03 | E50: A Otras Entidades Públicas | F50: 2607522 | G50: 2607522 | H50: 2607512 | I50: 2682619 | J50: 1150193 | K50: =J50-I50 -> -1532426 | L50: =(K50/I50) -> -0.57124251
C51: 243 | E51: Bienestar Social | F51: 1117975 | G51: 1117975 | H51: 1117975 | I51: 1150173 | J51: 1150173
C52: 244 | E52: Fondo Rotativo de Abastecimiento | F52: 10 | G52: 10 | H52: 0 | I52: 10 | J52: 10
C53: 246 | E53: Ley de Obras | F53: 1489537 | G53: 1489537 | H53: 1489537 | I53: 1532436 | J53: 10 | K53: =J53-I53 -> -1532426 | L53: =(K53/I53) -> -0.99999347
A54: 25 | E54: INTEGROS AL FISCO | F54: 10 | G54: 10 | H54: 443768 | I54: 10 | J54: 10
B55: 99 | E55: Otros Integros al Fisco | F55: 10 | G55: 10 | H55: 443768 | I55: 10 | J55: 10
A56: 26 | E56: OTROS GASTOS CORRIENTES | F56: 0 | G56: 0 | H56: 21319 | I56: 0 | J56: 0
B57: 01 | E57: Devoluciones | F57: 0 | G57: 0 | H57: 21319 | I57: 0 | J57: 0
A58: 29 | E58: ADQUISICIÓN DE ACTIVOS NO FINANCIEROS | F58: 0 | G58: 917554 | H58: 0 | I58: 0 | J58: 0
A59: 32 | E59: PRÉSTAMOS | F59: 594687 | G59: 594687 | H59: 289434 | I59: 611814 | J59: 611814
B60: 07 | E60: Por Anticipos por Cambio de Residencia | F60: 594687 | G60: 594687 | H60: 289434 | I60: 611814 | J60: 611814
A61: 33 | E61: TRANSFERENCIAS DE CAPITAL | F61: 10 | G61: 3400010 | H61: 0 | I61: 10 | J61: 10
B62: 03 | E62: A Otras Entidades Públicas | F62: 10 | G62: 3400010 | H62: 0 | I62: 10 | J62: 10
C63: 244 | E63: Fondo Rotativo de Abastecimiento | F63: 10 | G63: 3400010 | H63: 0 | I63: 10 | J63: 10
A64: 34 | E64: SERVICIO DE LA DEUDA | F64: 10 | G64: 2731891 | H64: 2731891 | I64: 10 | J64: 10
B65: 07 | E65: Deuda Flotante | F65: 10 | G65: 2731891 | H65: 2731891 | I65: 10 | J65: 10
A66: 35 | E66: SALDO FINAL DE CAJA | F66: 0 | G66: 0 | H66: 0 | I66: 0 | J66: 10 | K66: =J66-I66 -> 10
A70: Gasto Estado de Operaciones* | F70: 291516264 | G70: 288938527 | H70: 187421969 | I70: 299911931 | J70: 302929949 | K70: 3018018 | L70: 0.010063014
A71: *GASTOS-(Subt.25+30+32+34+35) + Item25.01+Intereses y Otros Gastos Financieros de Deuda

Sheet cuadro Comparativo analitico 3
A1: PROYECTO DE LEY DE PRESUPUESTOS PARA EL AÑO 2027
A2: CUADRO COMPARATIVO ANALITICO AÑOS 2026 - 2027
A3: Moneda Extranjera
A5: Partida: | C5: MINISTERIO DE DEFENSA NACIONAL | I5: PARTIDA: | J5: 11
A6: Capítulo: | C6: FUERZA AÉREA DE CHILE | I6: CAPÍTULO: | J6: 09
A7: Programa: | C7: FUERZA AÉREA DE CHILE | I7: PROGRAMA: | J7: 01
H8: Miles de US$
A9: Subt | B9: Item | C9: Asig | D9: SubA | E9: CLASIFICACIÓN PRESUPUESTARIA | F9: (1) | G9: (2) | H9: (3) | I9: (4) | J9: (5) | K9: (6) | L9: (7)
F10: LEY DE PPTOS AÑO 2026 (Inicial + Reajuste + Leyes Especiales + Ajustes) | G10: PRESUPUESTO VIGENTE AÑO 2026 A AGOSTO | H10: EJECUCIÓN AÑO 2026 AL 31 DE AGOSTO | I10: LEY DE PPTOS AÑO 2026 (Inicial + Reajuste + Leyes Especiales + Ajustes) | J10: PROYECTO DE LEY DE PRESUPUESTOS AÑO 2027 | K10: Variación monto $ (5) - (4) | L10: Variación % (6) / (4)
F11: (En US$ de 2026) | G11: (En US$ de 2026) | H11: (En US$ de 2026) | I11: (En US$ de 2027) | J11: (En US$ de 2027)
E12: INGRESOS | F12: 51803 | G12: 56349 | H12: 18376 | I12: 51803 | J12: 86734 | K12: =J12-I12 -> 34931 | L12: =(K12/I12) -> 0.67430458
A13: 05 | E13: TRANSFERENCIAS CORRIENTES | F13: 1537 | G13: 1680 | H13: 997 | I13: 1537 | J13: 3162 | K13: =J13-I13 -> 1625 | L13: =(K13/I13) -> 1.0572544
B14: 02 | E14: Del Gobierno Central | F14: 1537 | G14: 1680 | H14: 997 | I14: 1537 | J14: 3162 | K14: =J14-I14 -> 1625 | L14: =(K14/I14) -> 1.0572544
C15: 012 | E15: Fondo para Misiones de Paz-Estado Mayor Conjunto | F15: 0 | G15: 143 | H15: 114 | I15: 0 | J15: 0
C16: 014 | E16: Programa Antártico - Estado Mayor Conjunto | F16: 1537 | G16: 1537 | H16: 883 | I16: 1537 | J16: 3162 | K16: =J16-I16 -> 1625 | L16: =(K16/I16) -> 1.0572544
A17: 08 | E17: OTROS INGRESOS CORRIENTES | F17: 10 | G17: 10 | H17: 0 | I17: 10 | J17: 2 | K17: =J17-I17 -> -8 | L17: =(K17/I17) -> -0.8
B18: 99 | E18: Otros | F18: 10 | G18: 10 | H18: 0 | I18: 10 | J18: 2 | K18: =J18-I18 -> -8 | L18: =(K18/I18) -> -0.8
A19: 09 | E19: APORTE FISCAL | F19: 49571 | G19: 49571 | H19: 17152 | I19: 49571 | J19: 82894 | K19: =J19-I19 -> 33323 | L19: =(K19/I19) -> 0.67222771
B20: 01 | E20: Libre | F20: 49571 | G20: 49571 | H20: 17152 | I20: 49571 | J20: 82894 | K20: =J20-I20 -> 33323 | L20: =(K20/I20) -> 0.67222771
A21: 12 | E21: RECUPERACIÓN DE PRÉSTAMOS | F21: 675 | G21: 675 | H21: 227 | I21: 675 | J21: 675
B22: 07 | E22: Por Anticipos por Cambio de Residencia | F22: 675 | G22: 675 | H22: 227 | I22: 675 | J22: 675
A23: 15 | E23: SALDO INICIAL DE CAJA | F23: 10 | G23: 4413 | H23: 0 | I23: 10 | J23: 1 | K23: =J23-I23 -> -9 | L23: =(K23/I23) -> -0.9
E24: GASTOS | F24: 51803 | G24: 56349 | H24: 21204 | I24: 51803 | J24: 86734 | K24: =J24-I24 -> 34931 | L24: =(K24/I24) -> 0.67430458
A25: 21 | E25: GASTOS EN PERSONAL | F25: 9696 | G25: 9813 | H25: 6394 | I25: 9696 | J25: 11561 | K25: =J25-I25 -> 1865 | L25: =(K25/I25) -> 0.19234736
A26: 22 | E26: BIENES Y SERVICIOS DE CONSUMO | F26: 41392 | G26: 41418 | H26: 10689 | I26: 41392 | J26: 74492 | K26: =J26-I26 -> 33100 | L26: =(K26/I26) -> 0.79967143
A27: 23 | E27: PRESTACIONES DE SEGURIDAD SOCIAL | F27: 10 | G27: 10 | H27: 1 | I27: 10 | J27: 1 | K27: =J27-I27 -> -9 | L27: =(K27/I27) -> -0.9
B28: 01 | E28: Prestaciones Previsionales | F28: 10 | G28: 10 | H28: 1 | I28: 10 | J28: 1 | K28: =J28-I28 -> -9 | L28: =(K28/I28) -> -0.9
A29: 24 | E29: TRANSFERENCIAS CORRIENTES | F29: 10 | G29: 10 | H29: 0 | I29: 10 | J29: 1 | K29: =J29-I29 -> -9 | L29: =(K29/I29) -> -0.9
B30: 03 | E30: A Otras Entidades Públicas | F30: 10 | G30: 10 | H30: 0 | I30: 10 | J30: 1 | K30: =J30-I30 -> -9 | L30: =(K30/I30) -> -0.9
C31: 244 | E31: Fondo Rotativo de Abastecimiento | F31: 10 | G31: 10 | H31: 0 | I31: 10 | J31: 1 | K31: =J31-I31 -> -9 | L31: =(K31/I31) -> -0.9
A32: 25 | E32: INTEGROS AL FISCO | F32: 10 | G32: 2534 | H32: 2200 | I32: 10 | J32: 1 | K32: =J32-I32 -> -9 | L32: =(K32/I32) -> -0.9
B33: 99 | E33: Otros Integros al Fisco | F33: 10 | G33: 2534 | H33: 2200 | I33: 10 | J33: 1 | K33: =J33-I33 -> -9 | L33: =(K33/I33) -> -0.9
A34: 32 | E34: PRÉSTAMOS | F34: 675 | G34: 675 | H34: 40 | I34: 675 | J34: 675
B35: 07 | E35: Por Anticipos por Cambio de Residencia | F35: 675 | G35: 675 | H35: 40 | I35: 675 | J35: 675
A36: 33 | E36: TRANSFERENCIAS DE CAPITAL | F36: 0 | G36: 0 | H36: 0 | I36: 0 | J36: 1 | K36: =J36-I36 -> 1
B37: 03 | E37: A Otras Entidades Públicas | F37: 0 | G37: 0 | H37: 0 | I37: 0 | J37: 1 | K37: =J37-I37 -> 1
C38: 244 | E38: Fondo Rotativo de Abastecimiento | F38: 0 | G38: 0 | H38: 0 | I38: 0 | J38: 1 | K38: =J38-I38 -> 1
A39: 34 | E39: SERVICIO DE LA DEUDA | F39: 10 | G39: 1889 | H39: 1880 | I39: 10 | J39: 1 | K39: =J39-I39 -> -9 | L39: =(K39/I39) -> -0.9
B40: 07 | E40: Deuda Flotante | F40: 10 | G40: 1889 | H40: 1880 | I40: 10 | J40: 1 | K40: =J40-I40 -> -9 | L40: =(K40/I40) -> -0.9
A41: 35 | E41: SALDO FINAL DE CAJA | F41: 0 | G41: 0 | H41: 0 | I41: 0 | J41: 1 | K41: =J41-I41 -> 1
A45: Gasto Estado de Operaciones* | F45: 51108 | G45: 51251 | H45: 17084 | I45: 51108 | J45: 86056 | K45: 34948 | L45: 0.68380684
A46: *GASTOS-(Subt.25+30+32+34+35) + Item25.01+Intereses y Otros Gastos Financieros de Deuda
